 Dungeon Crawl Stone Soup version 0.31-a0-963-ga325b2283a (webtiles) character file.

Game seed: 11684643073860514733

55 Arcadio the Digger (level 3, -1/26 HPs)
             Began as a Ghoul Earth Elementalist on Oct 24, 2023.
             Was a Follower of Makhleb.
             Slain by a gnoll
             ... wielding a +0 whip
              (5 damage)
             ... on level 2 of the Dungeon.
             The game lasted 00:03:18 (1036 turns).

Arcadio the Digger (Ghoul Earth Elementalist)       Turns: 1036, Time: 00:03:19

Health: -1/26      AC:  2    Str: 11    XL:     3   Next: 93%
Magic:  2/5        EV: 12    Int: 12    God:    Makhleb [*.....]
Gold:   54         SH:  0    Dex:  9    Spells: 5/6 levels left

rFire   . . .        n - +2 dagger (venom)
rCold   + . .        (no shield)
rNeg    + + +        a - +0 robe
rPois   ∞            (no helmet)
rElec   .            (no cloak)
rCorr   .            (no gloves)
SInv    .            (no boots)
Will    .....        (no amulet)
Stlth   ++           (no ring)
HPRegen 0.00/turn    (no ring)
MPRegen 0.09/turn

%: no passive effects
@: inhibited regen
A: claws 1, cold resistance 1, negative energy resistance 3, inhibited
regeneration, torment resistance 2, devour on kill
a: Renounce Religion


You were on level 2 of the Dungeon.
You worshipped Makhleb.
Makhleb was aware of your devotion.
You visited 1 branch of the dungeon, and saw 2 of its levels.

You collected 87 gold pieces.
You spent 33 gold pieces at shops.

Inventory:

Hand Weapons
 d - a +0 whip
 f - a +0 dagger of venom
 n - a +2 dagger of venom (weapon)
Armour
 a - a +0 robe (worn)
Scrolls
 e - 6 scrolls of identify {unknown}
 g - a scroll of teleportation {unknown}
 h - a scroll of fog {unknown}
 i - a scroll of fear {unknown}
 j - a scroll of revelation {unknown}
 l - a scroll of blinking {unknown}
 m - a scroll of noise {unknown}
Potions
 b - a potion of magic
 c - a potion of cancellation {unknown}
 k - a potion of curing


   Skills:
 + Level 2.3 Dodging
 + Level 2.9 Stealth
 + Level 2.1 Spellcasting
 + Level 1.5 Transmutations
 + Level 3.7 Earth Magic


You had 5 spell levels left.
You knew the following spells:

 Your Spells              Type           Power      Damage    Failure   Level
a - Sandblast             Erth           20%        2d7       6%          1

Your spell library contained the following spells:

 Spells                   Type           Power      Damage    Failure   Level
 Passwall                 Tmut/Erth      5%         N/A       14%         2
 Stone Arrow              Conj/Erth      10%        3d7       36%         3
 Petrify                  Tmut/Erth      7%         N/A       65%         4
 Brom's Barrelling Bould  Conj/Erth      5%         2d3       77%         4
 Animate Dead             Necr           1%         N/A       95%         4
 Borgnjor's Vile Clutch   Necr/Erth      2%         N/A       98%         5
 Death Channel            Necr           0%         N/A       100%        6


Dungeon Overview and Level Annotations

Branches:
Dungeon (2/15) Zot: 10945

Altars:
Makhleb

Shops:
D:2 !


Innate Abilities, Weirdness & Mutations

You are immune to poison.
You have sharp fingernails.
Your flesh is cold resistant. (rC+)
You are immune to negative energy. (rN+++)
You do not regenerate when monsters are visible.
You are immune to unholy pain and torment.
You thrive by killing the living.


Message History

Press: ? - help, Shift-Dir - straight line, f - gnoll
Aim: a gnoll, wielding a +0 hand axe (84% to hit)
The blast of sand hits the gnoll!
The gnoll is almost dead.
You hit the gnoll.
You kill the gnoll!
Makhleb accepts your kill.
Casting: Sandblast (safe; 6% risk of failure)
Confirm with . or Enter, or press ? or * to list all spells.
Aiming: Sandblast (safe; 6% risk of failure)
Press: ? - help, Shift-Dir - straight line, f - gnoll
Aim: a gnoll, wielding a +0 whip (84% to hit)
You miscast Sandblast.
You are very lightly contaminated with residual magic.
Nothing appears to happen.
A gnoll comes into view. It is wielding a +0 whip.
You barely miss the gnoll. The gnoll closely misses you.
You hit the gnoll.
The gnoll is poisoned.
The gnoll is moderately wounded.
The gnoll hits you from afar with a +0 spear.
The gnoll closely misses you. The gnoll attacks as it pursues you!
The gnoll hits you with a +0 whip.
You hit the gnoll.
The gnoll is heavily wounded.
The gnoll closely misses you.
Your magical contamination has completely faded away.
Casting: Sandblast (safe; 6% risk of failure)
Confirm with . or Enter, or press ? or * to list all spells.
Aiming: Sandblast (safe; 6% risk of failure)
Press: ? - help, Shift-Dir - straight line, f/p - gnoll
Aim: a gnoll, wielding a +0 whip (severely wounded, poisoned, 84% to hit)
The blast of sand hits the gnoll.
The gnoll is almost dead.
The gnoll hits you with a +0 whip!
You hit the gnoll but do no damage.
The gnoll looks even sicker.
The gnoll is almost dead.
The gnoll hits you from afar with a +0 spear.
* * * LOW HITPOINT WARNING * * *
The gnoll hits you with a +0 whip.
You die...

###..###.####.....##
#.....[........#...#
#..................#
.#..###.##.#..#...#
#................# #
#..##.........<....#
#.#..###.##.#..#.....#
#####.#..######.#.........#
#..........)..gg@.........#
#####.#..#####..#.#....#....
#.........)..#.#....#...##
#........................
#..#.............
#..#.###.##.####..
#..#......... ... #. #####
##.# .... #.


You could see 2 gnolls.

Vanquished Creatures
  A gnoll (D:2)
  A worm (D:2)
  2 ball pythons (D:1)
  2 endoplasms
  4 giant cockroaches
  5 goblins
  4 hobgoblins (D:1)
  2 jackals (D:2)
  3 quokkas (D:2)
  2 bats
  4 frilled lizards (D:1)
  3 kobolds
  5 rats
38 creatures vanquished.

Notes
Turn   | Place    | Note
-------+----------+-------------------------------------------
     0 | D:1      | Arcadio the Ghoul Earth Elementalist began the quest for
                  | the Orb.
     0 | D:1      | Reached XP level 1. HP: 14/14 MP: 2/2
   116 | D:1      | Reached skill level 1 in Transmutations
   133 | D:1      | Reached XP level 2. HP: 17/20 MP: 0/3
   228 | D:1      | Found a faded altar of an unknown god.
   243 | D:1      | Prayed at the altar of an unknown god.
   243 | D:1      | Became a worshipper of Makhleb the Destroyer
   243 | D:1      | Reached * piety under Makhleb
   423 | D:1      | Reached XP level 3. HP: 26/26 MP: 2/5
   644 | D:2      | Found Piyss's Distillery.
   652 | D:2      | Bought a potion of curing for 33 gold pieces
  1036 | D:2      | Slain by a gnoll

Illustrated notes

Levels and vault maps discovered:
D:1:      mrwooster_arrival_statue, layout_rooms, basic_ecumenical_altar
D:2:      minmay_skewed_foursquare, layout_basic, serial_shops,
          nicolae_shop_gibbet_a_chance, minmay_curled_crystal,
          hangedman_decor_points, minmay_pentomino_p4

Skill      XL: |  1  2 |
---------------+-------+-----
Transmutations | 1 |  1.5
Dodging        | 2 |  2.3
Spellcasting   | 2 |  2.1
Stealth        | |  2.9
Earth Magic    | |  3.7

Action                     || total
---------------------------++-------
  Melee: Whip              ||    18
         Unarmed           ||     3
         Dagger            ||    46
         Punch             ||     1
   Cast: Sandblast         ||    35
   Stab: Sleeping          ||     1
 Armour: Robe              ||    50
  Dodge: Dodged            ||    42

Table legend: (Time is in decaauts)
 A = Elapsed time spent in this place.
 B = Non-inter-level travel time spent in this place.
 C = Inter-level travel time spent in this place.
 D = Time resting spent in this place.
 E = Time spent auto-exploring this place.
 F = Levels seen in this place.
 G = Mean time per level.
                   A        B        C        D        E       F      G
               +--------+--------+--------+--------+--------+-----+--------+
         Total |   1053 |   1015 |     38 |      0 |    723 |   2 |  526.5 |
       Dungeon |   1053 |   1015 |     38 |      0 |    723 |   2 |  526.5 |
               +--------+--------+--------+--------+--------+-----+--------+

Top non-repeatable levels by time:
     D:1: 653 daAuts
     D:2: 400 daAuts
